 Dungeon Crawl Stone Soup version 0.30-a0-862-g1aabd4f9c5 (webtiles) character file.

Game seed: 15493745281570331851

46 cforsyth the Magician (level 3, -5/19 HPs)
             Began as a Deep Elf Earth Elementalist on Mar 8, 2023.
             Slain by a gnoll
             ... wielding a +0 spear
              (7 damage)
             ... on level 2 of the Dungeon.
             The game lasted 00:01:13 (1427 turns).

cforsyth the Magician (Deep Elf Earth Elementalist) Turns: 1427, Time: 00:01:13

Health: -5/19      AC:  2    Str:  5    XL:     3   Next: 46%
Magic:  5/10       EV: 12    Int: 21    God:
Gold:   149        SH:  0    Dex: 15    Spells: 9/10 levels left

rFire   . . .      SeeInvis .    (no weapon)
rCold   . . .      Faith    .    (no shield)
rNeg    . . .      Spirit   .    a - +0 robe
rPois   .          Reflect  .    (no helmet)
rElec   .          Rampage  .    (no cloak)
rCorr   .                        (no gloves)
Will    .....                    (no boots)
Stlth   ++                       (no amulet)
HPRegen 0.23/turn                (no ring)
MPRegen 0.12/turn                (no ring)

@: no status effects
A: no striking features
a: no special abilities


You were on level 2 of the Dungeon.
You visited 1 branch of the dungeon, and saw 2 of its levels.

You collected 149 gold pieces.

Inventory:

Armour
 a - a +0 robe (worn)
Scrolls
 c - a scroll of identify {unknown}
 d - 2 scrolls of fear {unknown}
 f - a scroll of immolation {unknown}
 g - a scroll of enchant armour {unknown}
Potions
 b - a potion of magic
 e - a potion of curing {unknown}


   Skills:
 - Level 2.4 Dodging
 - Level 2.4 Stealth
 + Level 4.3 Spellcasting
 - Level 1.1 Transmutations
 + Level 4.2 Earth Magic


You had 9 spell levels left.
You knew the following spells:

 Your Spells              Type           Power      Damage    Failure   Level
a - Sandblast             Erth           44%        2d11      1%          1

Your spell library contained the following spells:

 Spells                   Type           Power      Damage    Failure   Level
 Passwall                 Tmut/Erth      12%        N/A       6%          2
 Stone Arrow              Conj/Erth      26%        3d8       14%         3
 Petrify                  Tmut/Erth      15%        N/A       36%         4


Dungeon Overview and Level Annotations

Branches:
Dungeon (2/15)

Altars:


Message History

There is an open door here.
There are monsters nearby!
There are monsters nearby!
There are monsters nearby!
A frilled lizard comes into view.
Found a fizzy blue potion.
The blast of sand hits the gnoll!
The gnoll is severely wounded.
The gnoll shouts!
You hear a shout!
The gnoll shouts!
You hear an angry hiss.
The blast of sand hits the gnoll.
The gnoll is moderately wounded.
The bat barely misses you. The bat closely misses you.
The gnoll hits you but does no damage.
The blast of sand misses the bat.
The blast of sand hits the gnoll!
You kill the gnoll!
The bat closely misses you. The bat misses you. The gnoll closely misses you.
The frilled lizard bites you.
The blast of sand hits the frilled lizard!
You kill the frilled lizard!
The bat hits you but does no damage.
The gnoll hits you from afar with a +0 spear.
The blast of sand misses the bat.
The bat closely misses you. The bat barely misses you.
The gnoll hits you from afar with a +0 spear.
The gnoll hits you from afar with a +0 spear!
* * * LOW HITPOINT WARNING * * *
You are too injured to fight recklessly!
You are too injured to fight recklessly!
You are too injured to fight recklessly!
Casting: Sandblast (safe; 1% risk of failure)
Confirm with . or Enter, or press ? or * to list all spells.
Aiming: Sandblast (safe; 1% risk of failure)
Press: ? - help, Shift-Dir - straight line, f - gnoll, p - bat
Aim: a gnoll, wielding a +0 spear (severely wounded, 85% to hit)
The blast of sand hits the gnoll but does no damage.
The gnoll is severely wounded.
The bat hits you but does no damage. The bat closely misses you.
The bat misses you.
The gnoll hits you from afar with a +0 spear!
You die...

#! .. ###.#
.. ..#.#
.##.#.#
...#.#
..#.#####
#.##........
#.g.@..###
#####b##.#
#......#
#......#
#......#
######.# #.#
#.# #.#


You could see a gnoll and a bat.

Vanquished Creatures
  A gnoll (D:2)
  A worm (D:2)
  3 ball pythons
  5 endoplasms (D:1)
  A giant cockroach (D:1)
  2 goblins (D:1)
  2 hobgoblins (D:1)
  2 quokkas (D:1)
  5 bats (D:1)
  5 frilled lizards
  2 kobolds (D:1)
  A rat (D:1)
30 creatures vanquished.

Notes
Turn   | Place    | Note
-------+----------+-------------------------------------------
     0 | D:1      | cforsyth the Deep Elf Earth Elementalist began the quest
                  | for the Orb.
     0 | D:1      | Reached XP level 1. HP: 10/10 MP: 6/6
   285 | D:1      | Reached XP level 2. HP: 15/15 MP: 6/8
   962 | D:1      | Reached XP level 3. HP: 18/19 MP: 8/10
  1281 | D:2      | Identified the +1 ring mail "Doin" {+Inv rF- Str+4}
  1427 | D:2      | Slain by a gnoll

Illustrated notes

Levels and vault maps discovered:
D:1:      minmay_arrival_three_doors, layout_loops_corners
D:2:      kennysheep_the_goblin_king, layout_basic, minmay_tromino_i2,
          uniq_jessica

Skill      XL: |  1  2 |
---------------+-------+-----
Spellcasting   | 4 |  4.3
Earth Magic    | 4 |  4.2
Dodging        | |  2.4
Stealth        | |  2.4
Transmutations | |  1.1

Action                     || total
---------------------------++-------
   Cast: Sandblast         ||    43
 Armour: Robe              ||     4
  Dodge: Dodged            ||    15

Table legend: (Time is in decaauts)
 A = Elapsed time spent in this place.
 B = Non-inter-level travel time spent in this place.
 C = Inter-level travel time spent in this place.
 D = Time resting spent in this place.
 E = Time spent auto-exploring this place.
 F = Levels seen in this place.
 G = Mean time per level.
                   A        B        C        D        E       F      G
               +--------+--------+--------+--------+--------+-----+--------+
         Total |   1447 |   1422 |     25 |      0 |   1284 |   2 |  723.5 |
       Dungeon |   1447 |   1422 |     25 |      0 |   1284 |   2 |  723.5 |
               +--------+--------+--------+--------+--------+-----+--------+

Top non-repeatable levels by time:
     D:1: 1227 daAuts
     D:2: 220 daAuts
